 Dungeon Crawl Stone Soup version 0.23-a0-612-gcb482e9 (webtiles) character file.

298 Sekhmet the Gusty (level 6, -3/32 HPs)
             Began as a Tengu Air Elementalist on Dec 22, 2018.
             Slain by an iguana (4 damage)
             ... on level 4 of the Dungeon.
             The game lasted 00:12:59 (4795 turns).

Sekhmet the Gusty (Tengu Air Elementalist)          Turns: 4795, Time: 00:13:00

Health: -3/32      AC:  5    Str: 11      XL:     6   Next: 35%
Magic:  0/12       EV: 11    Int: 15      God:
Gold:   195        SH:  0    Dex: 11 (14) Spells: 5/11 levels left

rFire    . . .     SeeInvis .   e - +0 spear
rCold    . . .     Gourm    .   (no shield)
rNeg     . . .     Faith    .   i - +0 ring mail
rPois    .         Spirit   .   (helmet restricted)
rElec    .         Reflect  .   (no cloak)
rCorr    .         Harm     .   (no gloves)
MR       .....                  (boots unavailable)
Stlth    +.........             (no amulet)
HPRegen  0.10/turn              (no ring)
MPRegen  0.13/turn              (no ring)

@: very slightly contaminated
A: beak, talons 3, deterioration 1, able to fly 1, sturdy frame 1
a: Fly


You were on level 4 of the Dungeon.
You were hungry.

You visited 1 branch of the dungeon, and saw 4 of its levels.

You collected 195 gold pieces.

Inventory:

Hand Weapons
 b - a +0 short sword
 e - a +0 spear (weapon)
 q - a +0 hunting sling
Missiles
 d - 40 sling bullets
 f - 8 tomahawks (quivered)
 g - 125 stones
Armour
 a - a +0 robe
 i - a +0 ring mail (worn)
Wands
 t - a wand of disintegration (13)
Scrolls
 h - 4 scrolls of teleportation {unknown}
 k - a scroll of fog {unknown}
 n - 2 scrolls of identify {unknown}
 o - 7 scrolls of remove curse {unknown}
 r - a scroll of enchant weapon {unknown}
 u - a scroll of immolation {unknown}
Potions
 j - a potion of brilliance {unknown}
 l - a potion of curing {unknown}
 m - a potion of heal wounds
 p - a potion of flight {unknown}
Comestibles
 c - 6 rations


   Skills:
 * Level 1.7 Armour
 - Level 2.1 Dodging
 - Level 2.0 Stealth
 + Level 3.3 Spellcasting
 * Level 4.8 Conjurations
 - Level 1.0 Charms
 + Level 5.7 Air Magic


You had 5 spell levels left.
You knew the following spells:

 Your Spells              Type           Power        Failure   Level  Hunger
a - Shock                 Conj/Air       ###.         3%          1    None
b - Swiftness             Chrm/Air       ##......     11%         2    ##.....
c - Static Discharge      Conj/Air       ###.....     10%         3    ###....

Your spell library contained the following spells:

 Spells                   Type           Power        Failure   Level  Hunger
 Airstrike                Air            ###.......   28%         4    ####...
 Lightning Bolt           Conj/Air       ###.......   67%         5    ######.


Dungeon Overview and Level Annotations

Branches:
Dungeon (4/15)
 Temple: D:4-7

Altars:
Kikubaaqudgha


Innate Abilities, Weirdness & Mutations

You have a beak for a mouth.
You have claws for feet.
You can fly.
Your body sometimes deteriorates upon taking damage.
Your movements are slightly less encumbered by armour. (ER -2)


Message History

You miscast Shock.
Nothing appears to happen.
The iguana bites you!
Your body deteriorates!
You feel clumsy.
Casting: Shock (safe; 3% risk of failure)
Confirm with . or Enter, or press ? or * to list all spells.
You don't have enough magic to cast that spell.
Casting: Shock (safe; 3% risk of failure)
Confirm with . or Enter, or press ? or * to list all spells.
You don't have enough magic to cast that spell.
Casting: Shock (safe; 3% risk of failure)
Confirm with . or Enter, or press ? or * to list all spells.
You don't have enough magic to cast that spell.
You hit the iguana but do no damage. You claw the iguana, but do no damage.
The iguana is almost dead.
The iguana bites you!
* * * LOW HITPOINT WARNING * * *
Your body deteriorates!
You feel clumsy.
You barely miss the iguana. Your kick misses the iguana.
The iguana is almost dead.
The iguana bites you.
You die...

# ##.....#.##
#......#..#
..<##..###.## #.##
#...##..##### ..
##.#.###.....# ##.
#.......#....#
....#
#.....[...)..#
#...#.......#....#
#.l@......#....#
###.......#....#
#.......#....#
#(......#....#
##############


You could see an iguana.

Vanquished Creatures
  A hound (D:4)
  An orc priest (D:4)
  Terence (D:2)
  An orc wizard (D:4)
  2 worker ants (D:4)
  4 adders
  A gnoll (D:1)
  4 worms
  5 dart slugs
  2 leopard geckos (D:3)
  2 orcs (D:4)
  6 giant cockroaches
  6 goblins
  7 hobgoblins
  4 kobolds
  3 ball pythons (D:1)
  12 bats
  7 frilled lizards
  10 rats
79 creatures vanquished.

Notes
Turn   | Place    | Note
-------+----------+-------------------------------------------
     0 | D:1      | Sekhmet the Tengu Air Elementalist began the quest for the
                  | Orb.
     0 | D:1      | Reached XP level 1. HP: 10/10 MP: 4/4
   132 | D:1      | Reached XP level 2. HP: 15/15 MP: 0/6
   140 | D:1      | Learned a level 2 spell: Swiftness
   374 | D:1      | Reached XP level 3. HP: 19/19 MP: 4/7
   379 | D:1      | Learned a level 3 spell: Static Discharge
   822 | D:1      | Reached skill level 5 in Air Magic
  1252 | D:2      | Found an ancient bone altar of Kikubaaqudgha.
  1323 | D:2      | Noticed Terence
  1383 | D:2      | Killed Terence
  1383 | D:2      | Reached XP level 4. HP: 5/24 MP: 1/8
  2732 | D:3      | Reached skill level 1 in Charms
  2950 | D:3      | Gained mutation: You can fly. [Tengu growth]
  2950 | D:3      | Reached XP level 5. HP: 28/28 MP: 3/10
  4082 | D:4      | Reached skill level 1 in Armour
  4383 | D:4      | Reached XP level 6. HP: 32/32 MP: 2/11
  4533 | D:4      | Gained mutation: You are somewhat resistant to further
                  | mutation. [potion of mutation]
  4534 | D:4      | Lost mutation: You are somewhat resistant to further
                  | mutation. [potion of mutation]
  4534 | D:4      | Gained mutation: Your body sometimes deteriorates upon
                  | taking damage. [potion of mutation]
  4534 | D:4      | Gained mutation: Your movements are slightly less
                  | encumbered by armour. (ER -2) [potion of mutation]
  4794 | D:4      | HP: 1/32 [iguana (9)]
  4795 | D:4      | Slain by an iguana

Vault maps used:
D:1:      saegor_arrival_simple_e, chequers_serial_rivers_micro_b
D:2:      kiku_gazebo_garden_becter, chequers_garden, uniq_terence
D:3:      first_ration, minmay_misc_feat_columns

Skill      XL: |  1  2  3  4  5 |
---------------+----------------+-----
Conjurations   | 2 3 4 |  4.8
Air Magic      | 5 |  5.7
Charms         | 1 |  1.0
Spellcasting   | 3 |  3.3
Armour         | 1 |  1.7
Dodging        | |  2.1
Stealth        | |  2.0

Action                   |  1- 3 |  4- 6 || total
-------------------------+-------+-------++-------
Melee: Spear             |     2 |    19 ||    21
       Kick              |     1 |     5 ||     6
       Peck              |     1 |       ||     1
 Cast: Shock             |    69 |   161 ||   230
 Abil: Fly               |       |     1 ||     1
  Use: Potion            |       |     3 ||     3
  Eat: Chunk             |     2 |    11 ||    13
Armor: Robe              |     2 |     1 ||     3
       Ring mail         |       |    13 ||    13
Dodge: Dodged            |     8 |    31 ||    39

Table legend:
 A = Non-vault XP
 B = Vault XP
 C = Vault XP percentage of total XP
 D = Non-vault monster count
 E = Vault monster count
 F = Vault count percentage of total count
                 A         B        C        D         E       F
            +---------+---------+-------+---------+---------+-------
      Total |     390 |      36 |   8.5 |      78 |       1 |   1.3
            +---------+---------+-------+---------+---------+-------
        D:1 |      60 |       0 |   0.0 |      25 |       0 |   0.0
        D:2 |      46 |      36 |  43.9 |      19 |       1 |   5.0
        D:3 |      78 |       0 |   0.0 |      26 |       0 |   0.0
        D:4 |     206 |       0 |   0.0 |       8 |       0 |   0.0
            +---------+---------+-------+---------+---------+-------
